 Dungeon Crawl Stone Soup version 0.28-a0-1002-gf00fe891ef (webtiles) character file.

Game seed: 9577418365548544043

221 Goblin1989 the Sneak (level 5, -8/36 (40) HPs)
             Began as a Demonspawn Brigand on Dec 3, 2021.
             Was an Initiate of Gozag.
             Mangled by a wight (10 damage)
             ... on level 3 of the Dungeon on Dec 7, 2021.
             The game lasted 00:08:57 (3734 turns).

Goblin1989 the Sneak (Demonspawn Brigand)           Turns: 3734, Time: 00:08:58

HP:   -8/36 (40)    AC:  8    Str: 12 (13) XL:     5   Next: 65%
MP:   5/5           EV:  9    Int: 12      God:    Gozag
Gold: 267           SH: 11    Dex: 13 (15) Spells: 4/4 levels left

rFire   . . .      SeeInvis .   a - +2 dagger
rCold   . . .      Faith    .   w - +0 kite shield
rNeg    . . .      Spirit   .   f - +0 robe
rPois   .          Reflect  .   h - +0 helmet
rElec   .          Harm     .   c - +0 cloak
rCorr   .          Rampage  .   (no gloves)
Will    .....                   y - +0 pair of boots
Stlth   +++.......              (no amulet)
HPRegen 0.12/turn               (no ring)
MPRegen 0.09/turn               (no ring)

@: gold aura, heavily drained
A: yellow scales 2, powered by death 1, condensation shield
a: Renounce Religion, Potion Petition, Call Merchant, Bribe Branch


You were on level 3 of the Dungeon.
You worshipped Gozag.
Gozag was aware of your devotion.
You visited 1 branch of the dungeon, and saw 4 of its levels.

You collected 277 gold pieces.
You paid 10 gold pieces to Gozag.

Inventory:

Hand Weapons
 a - a +2 dagger (weapon)
 b - a +0 dagger of venom
Missiles
 d - 22 poisoned darts (quivered)
 k - 2 curare-tipped darts
Armour
 c - a +0 cloak (worn)
 f - a +0 robe (worn)
 h - a +0 helmet (worn)
 i - a +0 ring mail
 w - a +0 kite shield (worn)
 y - a +0 pair of boots (worn)
Wands
 u - a wand of mindburst (5)
Scrolls
 j - a scroll of magic mapping {unknown}
 n - a scroll of teleportation {unknown}
 q - 3 scrolls of identify {unknown}
 r - a scroll of fog {unknown}
 v - 4 scrolls of fear {unknown}
Potions
 e - a potion of degeneration
 m - a potion of heal wounds {@q2}
 o - a potion of magic
 s - 2 potions of attraction {unknown}
 t - a potion of mutation {unknown}
 x - a potion of curing {@q1}


   Skills:
 + Level 2.8 Fighting
 * Level 3.2 Short Blades
 + Level 2.6 Throwing
 + Level 1.9 Dodging
 + Level 4.1 Stealth
 * Level 1.6 Shields


You had 4 spell levels left.
You didn't know any spells.
Your spell library was empty.

Dungeon Overview and Level Annotations

Branches:
Dungeon (4/15)             Temple (0/1) D:4

Altars:
Elyvilon
Gozag

Shops:
D:3 (

Annotations:
D:2 Robin
D:3 2 transporters, Gwenloh's ghost, weakling DgFE


Innate Abilities, Weirdness & Mutations

You are mostly covered in yellow scales. (AC +3)
You regenerate a little health from kills.
A meltable shield of frost defends you. (SH +4)


Message History

No target in view!
No target in view!
No target in view!
No target in view!
No target in view!
No target in view!
No target in view!
No target in view!
No target in view!
No target in view!
No target in view!
No target in view!
The hobgoblin shouts!
You now have 267 gold pieces (gained 6).
A wight is nearby!
A wight is nearby!
The wight barely misses you. You block the hobgoblin's attack.
There is an open door here.
You block the wight's attack.
There is an open door here.
You hit the hobgoblin.
The hobgoblin is almost dead.
You block the hobgoblin's attack.
You hit the hobgoblin but do no damage.
The hobgoblin is almost dead.
You block the wight's attack. The hobgoblin barely misses you.
You hit the hobgoblin but do no damage.
The hobgoblin is almost dead.
The wight hits you from afar with a +0 trident.
You block the hobgoblin's attack.
You take 1 damage, and have 39/40 hp.
You closely miss the hobgoblin.
The hobgoblin is almost dead.
You block the wight's attack. The hobgoblin closely misses you.
You hit the hobgoblin.
You kill the hobgoblin!
You block the wight's attack.
Health restored: 40 The wight hits you with a +0 trident.
You feel drained.
You see here 8 gold pieces.
You take 1 damage, and have 39/39 hp.
You hit the wight but do no damage. You block the wight's attack.
You hit the wight but do no damage. The wight hits you with a +0 trident.
You take 6 damage, and have 33/39 hp.
You hit the wight.
The wight is lightly damaged.
The wight hits you with a +0 trident! The wight hits you with a +0 trident.
You feel drained.
You take 11 damage, and have 22/38 hp.
MASSIVE DAMAGE!!
You are too injured to fight recklessly!
You are too injured to fight recklessly!
You are too injured to fight recklessly!
You are too injured to fight recklessly!
You are too injured to fight recklessly!
You are too injured to fight recklessly!
You are too injured to fight recklessly!
You are too injured to fight recklessly!
You are too injured to fight recklessly!
You are too injured to fight recklessly!
You are too injured to fight recklessly!
You are too injured to fight recklessly!
You are too injured to fight recklessly!
You are too injured to fight recklessly!
You are too injured to fight recklessly!
You are too injured to fight recklessly!
You are too injured to fight recklessly!
You are too injured to fight recklessly!
You are too injured to fight recklessly!
You are too injured to fight recklessly!
You are too injured to fight recklessly!
You are too injured to fight recklessly!
You hit the wight.
The wight is moderately damaged.
The wight is distracted by your dazzling golden aura.
You hit the wight but do no damage.
The wight is no longer distracted by gold.
The wight is moderately damaged.
The wight hits you with a +0 trident!
* * * LOW HITPOINT WARNING * * *
You take 9 damage, and have 13/38 hp.
MASSIVE DAMAGE!!
You hit the wight.
The wight is heavily damaged.
The wight hits you with a +0 trident!
* * * LOW HITPOINT WARNING * * *
You feel drained.
You hit the wight.
The wight is heavily damaged.
The wight hits you with a +0 trident.
* * * LOW HITPOINT WARNING * * *
You take 11 damage, and have 2/36 hp.
MASSIVE DAMAGE!!
You hit the wight but do no damage.
The wight is heavily damaged.
The wight barely misses you.
You hit the wight but do no damage.
The wight is heavily damaged.
You block the wight's attack. You block the wight's attack.
The wight hits you from afar with a +0 trident!
You die...
Your body crumbles into a pile of gold.

....███......█.█...█..<█
..███........█.███.█...█
███...)......█.....█..(█
..███........████████.██
....███...∆█████......█
███...███......█.██████
..███..........█.█
....███........█.█
.(...(███......█@█
....███.....████.█
..███.......∆.$z.█
███.........██████
........█████ ███..██.█
...█.██.


████████ ...█.██▲█████......█ ...█...........███.█ You could see a wight.

Vanquished Creatures
  A hound (D:4)
  An iguana (D:2)
  Jessica (D:2)
  An orc wizard (D:4)
  5 adders
  An adder skeleton (D:4)
  2 worms
  8 endoplasms
  4 giant cockroaches
  7 goblins
  6 hobgoblins
  2 jackals (D:3)
  4 quokkas
  A ball python (D:4)
  2 bats
  5 frilled lizards
  3 kobolds
  8 rats
62 creatures vanquished.

Notes
Turn   | Place    | Note
-------+----------+-------------------------------------------
     0 | D:1      | Goblin1989 the Demonspawn Brigand began the quest for the
                  | Orb.
     0 | D:1      | Reached XP level 1. HP: 16/16 MP: 1/1
    32 | D:1      | Found a faded altar of an unknown god.
   112 | D:1      | Reached skill level 1 in Dodging
   450 | D:1      | Gained mutation: A meltable shield of frost defends you.
                  | (SH +4) [demonic ancestry]
   450 | D:1      | Reached XP level 2. HP: 22/22 MP: 2/2
   878 | D:2      | Noticed Jessica
  1068 | D:2      | Gained mutation: You regenerate a little health from kills.
                  | [demonic ancestry]
  1068 | D:2      | Reached XP level 3. HP: 23/27 MP: 3/3
  1068 | D:2      | Upgraded the game from 0.28-a0-983-g1de4e0787c to
                  | 0.28-a0-1002-gf00fe891ef
  1297 | D:2      | Gained mutation: You are partially covered in yellow
                  | scales. (AC +2) [demonic ancestry]
  1297 | D:2      | Reached XP level 4. HP: 13/34 MP: 4/4
  1564 | D:2      | Found an opulent altar of Gozag.
  1621 | D:2      | Became a worshipper of Gozag Ym Sagoz the Greedy
  1635 | D:2      | Killed Jessica
  1636 | D:2      | Reached skill level 4 in Stealth
  1636 | D:2      | Reached skill level 1 in Shields
  1683 | D:2      | Noticed Robin
  2515 | D:3      | Found a transporter.
  2515 | D:3      | Noticed Gwenloh's ghost (weakling DgFE)
  2657 | D:3      | Found a transporter.
  3090 | D:4      | Gained mutation: You are mostly covered in yellow scales.
                  | (AC +3) [demonic ancestry]
  3090 | D:4      | Reached XP level 5. HP: 36/36 MP: 5/5
  3424 | D:4      | Found a staircase to the Ecumenical Temple.
  3580 | D:4      | Noticed a phantom
  3588 | D:3      | Found Sosoaromo's Antique Weapon Emporium.
  3734 | D:3      | Mangled by a wight

Illustrated notes

Levels and vault maps discovered:
D:1:      dpeg_arrival_orchard, layout_loops_cross,
          ebering_ecumenical_altar_ruins, grunt_decor_one_mirror,
          chequers_serial_rivers_room_a
D:2:      minmay_wonky_spiral, layout_basic, basic_altar, uniq_robin,
          uniq_jessica
D:3:      layout_basic, serial_shops, nicolae_shop_waterfront,
          gammafunk_ghost_mausoleum, corner_web_ring, minmay_unequal
D:4:      layout_loops_ring, elyvilon_altar_3, minmay_temple_entry_mini_moons,
          uniq_eustachio

Skill      XL: |  1  2  3  4  5 |
---------------+----------------+-----
Dodging        | 1 |  1.9
Short Blades   | 2 3 |  3.2
Throwing       | 2 |  2.6
Stealth        | 4 |  4.1
Shields        | 1 |  1.6
Fighting       | |  2.8

Action                   |  1- 3 |  4- 6 || total
-------------------------+-------+-------++-------
Melee: Dagger            |    87 |   171 ||   258
Throw: Dart              |     6 |       ||     6
  Use: Potion            |       |     6 ||     6
 Stab: Sleeping          |     6 |    11 ||    17
       Distracted        |       |     1 ||     1
Armor: Robe              |    18 |    35 ||    53
Dodge: Dodged            |    29 |    64 ||    93
Block: Buckler           |    15 |    58 ||    73
       Other             |     3 |       ||     3
       Kite shield       |       |    20 ||    20

Table legend: (Time is in decaauts)
 A = Elapsed time spent in this place.
 B = Non-inter-level travel time spent in this place.
 C = Inter-level travel time spent in this place.
 D = Time resting spent in this place.
 E = Time spent auto-exploring this place.
 F = Levels seen in this place.
 G = Mean time per level.
                   A        B        C        D        E       F      G
               +--------+--------+--------+--------+--------+-----+--------+
         Total |   3724 |   3646 |     78 |    417 |   2312 |   4 |  931.0 |
       Dungeon |   3724 |   3646 |     78 |    417 |   2312 |   4 |  931.0 |
               +--------+--------+--------+--------+--------+-----+--------+

Top non-repeatable levels by time:
     D:2: 1234 daAuts
     D:1: 1035 daAuts
     D:4: 777 daAuts
     D:3: 676 daAuts
